 Seeded DCSS version 0.30-a0-305-g026cb31310 (webtiles) character file.

Game seed: 20220831 (custom seed)

512 muata the Conjurer (level 6, -7/45 HPs)
             Began as a Draconian Conjurer on Oct 22, 2022.
             Mangled by Duvessa
             ... wielding a +0 rapier
              (9 damage)
             ... on level 4 of the Dungeon.
             The game lasted 00:12:17 (3597 turns).

muata the Conjurer (Draconian Conjurer)             Turns: 3597, Time: 00:12:17

Health: -7/45      AC:  7    Str:  9    XL:     6   Next: 99%
Magic:  19/31      EV: 12    Int: 25    God:
Gold:   173        SH:  5    Dex: 17    Spells: 5/15 levels left

rFire   . . .      SeeInvis .    x - +7 whip "Feph" {elec, rPois Int+4 Dex+8}
rCold   . . .      Faith    .    (no shield)
rNeg    . . .      Spirit   .    (body armour unavailable)
rPois   +          Reflect  +    (helmet restricted)
rElec   .          Harm     .    l - +0 cloak
rCorr   .          Rampage  .    (no gloves)
Will    .....                    (no boots)
Stlth   ++........               e - amulet of reflection
HPRegen 0.27/turn                r - ring of magical power
MPRegen 0.22/turn                w - ring of magical power

@: no status effects
A: AC +6, unfitting armour, cold-blooded
a: no special abilities


You were on level 4 of the Dungeon.
You visited 1 branch of the dungeon, and saw 4 of its levels.

You collected 173 gold pieces.

Inventory:

Hand Weapons
 x - the +7 whip "Feph" (weapon) {elec, rPois Int+4 Dex+8}
   (You found it on level 4 of the Dungeon)

   It occasionally discharges a powerful burst of electricity upon striking a
   foe.
   Int:       It affects your intelligence (+4).
   Dex:       It affects your dexterity (+8).
   rPois:     It protects you from poison.
Missiles
 k - 2 throwing nets
Armour
 l - a +0 cloak (worn)
Jewellery
 e - an amulet of reflection (around neck)
 f - a ring of see invisible
 r - a ring of magical power (left hand)
 s - a ring of positive energy
 w - a ring of magical power (right hand)
Scrolls
 c - a scroll of silence {unknown}
 g - a scroll of amnesia {unknown}
 h - 2 scrolls of poison {unknown}
 i - 2 scrolls of fog {unknown}
 m - a scroll of brand weapon {unknown}
 n - a scroll of immolation {unknown}
 o - a scroll of noise {unknown}
 p - 2 scrolls of identify {unknown}
 q - 2 scrolls of fear {unknown}
 u - a scroll of enchant weapon {unknown}
 v - a scroll of torment {unknown}
Potions
 a - a potion of magic
 b - a potion of ambrosia {unknown}
 d - 4 potions of curing {unknown}
 j - a potion of attraction {unknown}
 t - 3 potions of brilliance {unknown}


   Skills:
 - Level 1.7 Dodging
 - Level 1.7 Stealth
 + Level 5.1 Spellcasting
 - Level 5.7 Conjurations
 + Level 2.6 Hexes


You had 5 spell levels left.
You knew the following spells:

 Your Spells              Type           Power      Damage    Failure   Level
a - Magic Dart            Conj           100%       1d8       1%          1
b - Searing Ray           Conj           70%        2d7       1%          2
c - Dazzling Flash        Conj/Hex       54%        N/A       4%          3
d - Fulminant Prism       Conj/Hex       13%        3d9       14%         4

Your spell library contained the following spells:

 Spells                   Type           Power      Damage    Failure   Level
 Tukima's Dance           Hex            19%        N/A       9%          3
 Gell's Gravitas          Tloc           6%         N/A       24%         3
 Lesser Beckoning         Tloc           12%        N/A       24%         3
 Teleport Other           Tloc           6%         N/A       24%         3
 Iskenderun's Mystic Bla  Conj/Tloc      20%        2d6       26%         4
 Passage of Golubria      Tloc           6%         N/A       63%         4
 Yara's Violent Unravell  Hex/Tmut       6%         3d5       78%         5


Dungeon Overview and Level Annotations

Branches:
Dungeon (4/15)
 Temple: D:4-7

Altars:

Shops:
D:2 (

Annotations:
D:4 Duvessa


Innate Abilities, Weirdness & Mutations

Your plain brown scales are hard. (AC +6)
You cannot fit into any form of body armour.
You are cold-blooded and may be slowed by cold attacks.


Message History

You finish channelling your searing ray.
Duvessa hits you but does no damage.
Dowan casts a spell.
Dowan blinks!
Duvessa hits you with a +0 rapier! Duvessa closely misses you.
Duvessa says, "My weaknesses are his strengths!"
Duvessa hits you with a +0 rapier.
Casting: Searing Ray (safe; 1% risk of failure)
Confirm with . or Enter, or press ? or * to list all spells.
Aiming: Searing Ray (safe; 1% risk of failure)
Press: ? - help, Shift-Dir - straight line, f/p - Dowan
Aim: Dowan, wielding a +1 dagger of venom and wearing a +0 robe (almost dead, 73% to hit)
The searing ray hits Duvessa!
Duvessa is heavily wounded.
The searing ray misses Dowan. (Press . to maintain the ray.) Duvessa hits you but does no damage.
Duvessa hits you with a +0 rapier.
Casting: Searing Ray (safe; 1% risk of failure)
Confirm with . or Enter, or press ? or * to list all spells.
Restarting spell: Searing Ray (safe; 1% risk of failure)
Press: ? - help, Shift-Dir - straight line, f/p - Dowan
Aim: Dowan, wielding a +1 dagger of venom and wearing a +0 robe (almost dead, 73% to hit)
The searing ray hits Duvessa.
Duvessa is severely wounded.
The searing ray hits Dowan!
You kill Dowan!
Duvessa screams, "No!
How DARE you!"
Duvessa goes berserk! (Press . to maintain the ray.)
You block Duvessa's attack.
The searing ray hits Duvessa.
Duvessa is severely wounded.
Duvessa hits you with a +0 rapier!!
* * * LOW HITPOINT WARNING * * *
Duvessa hits you with a +0 rapier!
* * * LOW HITPOINT WARNING * * *
The searing ray hits Duvessa!
Duvessa is almost dead.
Duvessa hits you with a +0 rapier!
You die...

#...........#
#.####.##'#.#
#.#..#.#..#.#
#.#..'.+.(#.#
#.#+##.####.#
#.†.........#
#.#'##)####.#
#.#..#.#†.#.#
#.#..+.†..#@#
#.####.##'#e#
#..........)#
#.####.##'#.#
#.# #.#..#.#
#.# +.+..#.#
#.# #[####.#
#.. ... ...
### ### ###


You could see Duvessa (berserk, fast, resistant).

Vanquished Creatures
  Sigmund (D:2)
  A phantom (D:4)
  Dowan (D:4)
  2 hounds (D:3)
  Robin (D:3)
  4 gnolls (D:3)
  An adder (D:3)
  2 worms (D:2)
  3 dart slugs
  6 endoplasms
  3 giant cockroaches
  17 goblins
  4 hobgoblins
  12 jackals
  6 quokkas
  6 ball pythons
  8 bats
  A frilled lizard (D:2)
  4 kobolds
  3 rats
86 creatures vanquished.

Notes
Turn   | Place    | Note
-------+----------+-------------------------------------------
     0 | D:1      | muata the Draconian Conjurer began the quest for the Orb.
     0 | D:1      | Reached XP level 1. HP: 14/14 MP: 3/3
   263 | D:1      | Reached XP level 2. HP: 20/20 MP: 0/5
  1175 | D:1      | Reached XP level 3. HP: 26/26 MP: 5/7
  1465 | D:2      | Identified the +1 robe "Zyfraw" {Str+4}
  1623 | D:2      | Learned a level 2 spell: Searing Ray
  1627 | D:2      | Learned a level 3 spell: Dazzling Flash
  2224 | D:2      | Found Qoneik's Antique Weapon Emporium.
  2342 | D:2      | Noticed Sigmund
  2351 | D:2      | Killed Sigmund
  2352 | D:2      | Reached skill level 5 in Conjurations
  2352 | D:2      | Reached XP level 4. HP: 33/33 MP: 10/10
  2352 | D:2      | Reached XP level 5. HP: 38/38 MP: 10/11
  2586 | D:3      | Identified the +3 flail of Valour {flame, *Corrode Str+4
                  | Int+3}
  2598 | D:3      | Noticed Robin
  2623 | D:3      | Killed Robin
  2773 | D:3      | Identified the +10 short sword "Zofikaoc" {holy, Contam
                  | Str+7}
  2882 | D:3      | Reached XP level 6. HP: 45/45 MP: 12/12
  2938 | D:3      | Reached skill level 1 in Hexes
  3108 | D:3      | Learned a level 4 spell: Fulminant Prism
  3445 | D:4      | Identified the +7 whip "Feph" {elec, rPois Int+4 Dex+8}
  3566 | D:4      | Reached skill level 5 in Spellcasting
  3581 | D:4      | Noticed Duvessa
  3582 | D:4      | Noticed Dowan
  3595 | D:4      | Killed Dowan
  3596 | D:4      | HP: 2/45 [Duvessa/+0 rapier (10)]
  3597 | D:4      | Mangled by Duvessa

Illustrated notes

Levels and vault maps discovered:
D:1:      ncdulo_smallfort, layout_basic, kennysheep_nondescript
D:2:      minmay_alternating_diamond, layout_basic, serial_shops,
          nicolae_shop_advertising_works [nicolae_subvault_shop_adworks],
          uniq_sigmund
D:3:      layout_basic, uniq_robin
D:4:      minmay_door_path, layout_rooms, uniq_duvessa

Skill      XL: |  1  2  3  4  5  6 |
---------------+-------------------+-----
Spellcasting   | 4 5 |  5.1
Conjurations   | 5 |  5.7
Hexes          | 2 |  2.6
Dodging        | |  1.7
Stealth        | |  1.7

Action                   |  1- 3 |  4- 6 || total
-------------------------+-------+-------++-------
Melee: Unarmed           |    20 |     5 ||    25
       Tailslap          |     2 |     1 ||     3
       Punch             |     2 |       ||     2
       Whip              |       |     8 ||     8
 Cast: Magic Dart        |    81 |    69 ||   150
       Searing Ray       |       |     7 ||     7
Armor: Skin              |     8 |    19 ||    27
Dodge: Dodged            |    18 |    33 ||    51
Block: Other             |     1 |     8 ||     9

Table legend: (Time is in decaauts)
 A = Elapsed time spent in this place.
 B = Non-inter-level travel time spent in this place.
 C = Inter-level travel time spent in this place.
 D = Time resting spent in this place.
 E = Time spent auto-exploring this place.
 F = Levels seen in this place.
 G = Mean time per level.
                   A        B        C        D        E       F      G
               +--------+--------+--------+--------+--------+-----+--------+
         Total |   3597 |   3417 |    180 |    334 |   2563 |   4 |  899.2 |
       Dungeon |   3597 |   3417 |    180 |    334 |   2563 |   4 |  899.2 |
               +--------+--------+--------+--------+--------+-----+--------+

Top non-repeatable levels by time:
     D:1: 1345 daAuts
     D:2: 1120 daAuts
     D:3: 949 daAuts
     D:4: 182 daAuts
